 Dungeon Crawl Stone Soup version 0.31.0-32-g396128a36d (webtiles) character file.

Game seed: 1232558135984528628

16170 0gre the Frost Mage (level 12, -7/91 HPs)
             Began as a Gnoll Ice Elementalist on Apr 4, 2024.
             Was an Initiate of Gozag.
             Mangled by a shadow (13 damage)
             ... summoned by an orange crystal statue
             ... on level 11 of the Dungeon.
             The game lasted 01:23:30 (11032 turns).

0gre the Frost Mage (Gnoll Ice Elementalist)       Turns: 11032, Time: 01:23:32

Health: -7/91      AC: 13    Str:  8    XL:     12   Next: 34%
Magic:  16/25      EV: 17    Int: 21    God:    Gozag
Gold:   1026       SH:  0    Dex: 18    Spells: 12/29 levels left

rFire   . . .        a - +7 Throatcutter {drain, coup de grace}
rCold   . . .        (no shield)
rNeg    + . .        k - +7 toga "Victory" {*Victory Int+7 Slay+7 Clar}
rPois   .            (no helmet)
rElec   .            l - +0 cloak
rCorr   .            m - +1 pair of gloves
SInv    .            (no boots)
Will    .....        (no amulet)
Stlth   ++++         x - ring of wizardry
HPRegen 0.35/turn    B - ring of positive energy
MPRegen 0.19/turn

%: clarity, wizardry (x1)
@: no status effects
A: fangs 1, strong nose, distributed training
a: Renounce Religion, Potion Petition, Call Merchant, Bribe Branch


You were on level 11 of the Dungeon.
You worshipped Gozag.
Gozag was most pleased with you.
You visited 2 branches of the dungeon, and saw 12 of its levels.

You collected 2131 gold pieces.
You spent 427 gold pieces at shops.
You paid 678 gold pieces to Gozag.

Inventory:

Hand Weapons
 a - the +7 Throatcutter (weapon) {drain, coup de grace}
   (You found it on level 5 of the Dungeon)
 b - a +2 orcbow
 c - the +9 spear of Nigydi Bousi {flame, Str+5}
   (You found it on level 2 of the Dungeon)

   Str+5:     It affects your strength (+5).
 d - a +1 flail of holy wrath
 e - a +0 great sword
 f - a +0 short sword of flaming
Missiles
 g - 44 poisoned darts
 h - 5 throwing nets
 i - 6 curare-tipped darts (quivered)
 r - a boomerang
Armour
 k - the +7 toga "Victory" (worn) {*Victory Int+7 Slay+7 Clar}
   (You found it on level 6 of the Dungeon)

   *Victory:  When the wearer kills a threatening monster, it has a chance to
   gain +1 AC, +1 Slay, and +1 Int, capping at +7.
   When the wearer uses a scroll or a potion with a hostile monster in sight,
   its bonuses reset to +0.
   Unequipping it also resets its bonuses to +0.
   Int+7:     It affects your intelligence (+7).
   Slay+7:    It affects your accuracy & damage with ranged weapons and melee
   (+7).
   Clar:      It protects you from confusion, rage, mesmerisation and fear.
 l - a +0 cloak (worn)
 m - a +1 pair of gloves (worn)
Jewellery
 q - a +5 ring of evasion
 x - a ring of wizardry (left hand)
 z - a ring of see invisible
 B - a ring of positive energy (right hand)
 J - a +6 ring of strength
 N - a ring of ice
Wands
 D - a wand of polymorph (10)
 E - a wand of mindburst (2)
 F - a wand of flame (19)
 I - a wand of paralysis (10)
 L - a wand of iceblast (2)
 P - a wand of digging (5)
Scrolls
 o - a scroll of poison
 p - a scroll of amnesia
 u - a scroll of fog
 v - a scroll of silence
 A - 5 scrolls of teleportation
 H - a scroll of fear
 M - 3 scrolls of revelation
Potions
 j - 8 potions of curing
 n - a potion of lignification
 s - a potion of magic
 t - a potion of invisibility
 w - a potion of might
 y - a potion of heal wounds
 C - a potion of mutation
 G - a potion of haste {unknown}
 K - a potion of berserk rage {unknown}
 Q - a potion of attraction {unknown}


   Skills:
 + Level 7.4 Fighting
 + Level 7.4 Short Blades
 + Level 7.4 Long Blades
 + Level 7.4 Axes
 + Level 7.4 Maces & Flails
 + Level 7.4 Polearms
 + Level 7.4 Staves
 + Level 7.4 Ranged Weapons
 + Level 7.4 Throwing
 + Level 7.4 Armour
 + Level 8.8 Dodging
 + Level 8.6 Stealth
 + Level 7.4 Shields
 + Level 7.4 Unarmed Combat
 + Level 9.1 Spellcasting
 + Level 6.2 Conjurations
 + Level 6.2 Hexes
 + Level 6.2 Summonings
 + Level 6.2 Necromancy
 + Level 6.2 Translocations
 + Level 6.2 Fire Magic
 + Level 9.5 Ice Magic
 + Level 6.2 Air Magic
 + Level 6.2 Earth Magic
 + Level 6.2 Alchemy
 + Level 8.2 Invocations
 + Level 7.4 Evocations
 + Level 6.8 Shapeshifting


You had 12 spell levels left.
You knew the following spells:

 Your Spells              Type           Power      Damage    Failure   Level
a - Stone Arrow           Conj/Erth      70%        3d11      1%          3
b - Frozen Ramparts       Ice            98%        1d15      1%          3
c - Summon Ice Beast      Ice/Summ       42%        N/A       1%          3
d - Mephitic Cloud        Conj/Alch/Air  35%        N/A       1%          3
q - Fireball              Conj/Fire      17%        3d9       6%          5

Your spell library contained the following spells:

 Spells                   Type           Power      Damage    Failure   Level
 Freeze                   Ice            100%       1d10      1%          1
 Necrotise                Necr           100%       1d9       1%          1
 Dazzling Flash           Conj/Hex       70%        N/A       1%          3
 Inner Flame              Hex/Fire       35%        N/A       1%          3
 Ozocubu's Armour         Ice            49%        N/A       1%          3
 Animate Armour           Summ/Erth      70%        N/A       2%          4
 Brom's Barrelling Bould  Conj/Erth      35%        2d5       2%          4
 Curse of Agony           Necr           35%        N/A       6%          5
 Irradiate                Conj/Alch      17%        3d17      6%          5
 Iskenderun's Battlesphe  Conj           35%        2d9       6%          5
 Silence                  Hex/Air        17%        N/A       6%          5
 Conjure Ball Lightning   Conj/Air       17%        3x3d6     32%         6
 Orb of Destruction       Conj           17%        9d7       86%         7
 Ignition                 Fire           17%        3d7       100%        8
 Lehudib's Crystal Spear  Conj/Erth      17%        10d5      100%        8


Dungeon Overview and Level Annotations

Branches:
Dungeon (11/15)            Temple (1/1) D:6            Lair (0/5) D:11
    Orc (0/2) D:11

Altars:
Ashenzari
Cheibriados
Dithmenos
Elyvilon
Fedhas
Gozag
Hepliaklqana
Kikubaaqudgha
Makhleb
Nemelex Xobeh
Okawaru
Qazlal
Ru
Sif Muna
Trog
Uskayaw
Vehumet
Wu Jian
Xom
Yredelemnul
Zin
The Shining One

Shops:
D:8 ?   D:9 :   D:10 :

Annotations:
D:11 2 transporters, 3 runed translucent doors, exclusion: orange crystal statue, jimmypageman's ghost, journeyman GnWn
Temple 2 transporters


Innate Abilities, Weirdness & Mutations

You have very sharp teeth.
Your uncanny sense of smell can sniff out nearby items.
Your experience applies equally to all skills.


Message History

The boulder beetle bites you! The shadow hits you.
The gargoyle hits you with a +0 mace.
You hit the orange crystal statue.
You bite the orange crystal statue, but do no damage.
The orange crystal statue is heavily damaged.
The shadow slips into darkness.
The shadow flickers and vanishes!
Deactivating autopickup; reactivate with Ctrl-A.
The boulder beetle misses you.
The gargoyle hurls a stone arrow at you.
The stone arrow hits you. The cyclops misses you.
Okay, then.
You slash the orange crystal statue!
The orange crystal statue is severely damaged.
The boulder beetle closely misses you.
The shadow strikes at you from the darkness!
* * * LOW HITPOINT WARNING * * *
Reactivating autopickup.
The gargoyle hurls a stone arrow at you.
The stone arrow misses you.
The stone arrow hits the shadow!!
You hit the orange crystal statue.
The orange crystal statue is severely damaged.
The cyclops barely misses you.
The boulder beetle bites you but does no damage.
The shadow slips into darkness.
The shadow flickers and vanishes!
Deactivating autopickup; reactivate with Ctrl-A.
The gargoyle hits you with a +0 mace.
* * * LOW HITPOINT WARNING * * *
The orange crystal statue glitters topaz in the dim dungeon light.
The orange crystal statue fixes its piercing gaze on you.
You feel your power leaking away.
You hit the orange crystal statue.
The orange crystal statue is almost destroyed.
The boulder beetle closely misses you. The cyclops hits you!
* * * LOW HITPOINT WARNING * * *
The gargoyle barely misses you.
The shadow strikes at you from the darkness!
You die...
Your body crumbles into a pile of gold.

#####+###...#+#...######.####
#.....###.###...#.##.# # #
###.### ....###.#....# # # ##..#
.#+#...#...### # # #..##
###.###.##.+## ### #####
##..#∆.#.....#..#...#####))
+...###..##.##..|..##.##..(...>.#
###......+..+..98C..+..'..#######
# ######.##.##.B@..##.##).# # #
#..#..#...{[#..#...# #
##.##.###.###.##...#
#..#...#'#...#....#
##.###.....###...##
#...###.###....##
###...#+#......# ###.....#..###
####....##


You could see a boulder beetle (summoned), an orange crystal statue, a cyclops
(summoned) and a gargoyle (summoned).

Vanquished Creatures
  Fannar (D:11)
  Harold (D:11)
  3 two-headed ogres
  The ghost of ChrisAssaf the Grave Robber, a novice HuNe of Makhleb (D:8)
  Nergalle (D:11)
  The ghost of chippings the Fighter, a novice DrWn of Gozag (D:8)
  A cyclops (D:11)
  Maggie (D:6)
  A gargoyle (D:11)
  2 komodo dragons
  A hornet (D:8)
  2 trolls
  2 shadows (D:11)
  3 wyverns
  14 yaks
  2 basilisks (D:11)
  Menkaure (D:6)
  5 vampire mosquitoes (D:11)
  5 acid dragons
  2 water moccasins (D:7)
  A swamp drake (D:11)
  7 orc warriors
  3 ice beasts
  A black bear (D:5)
  5 ogres
  A centaur (D:7)
  A phantom (D:11)
  6 kobold brigands
  A weeping skull (D:7)
  2 bullfrogs
  2 scorpions (D:5)
  A troll zombie (D:11)
  10 killer bees
  An electric eel (D:6)
  4 howler monkeys
  3 jellies (D:4)
  A gnoll bouda (D:7)
  10 orc priests
  2 bombardier beetles (D:5)
  2 hounds
  Crazy Yiuf (D:7)
  3 iguanas
  16 orc wizards
  A sleepcap (D:7)
  4 ogre zombies (D:11)
  8 gnolls
  6 adders
  A shadow imp (D:6)
  2 white imps
  4 ufetubi (D:6)
  4 dart slugs
  3 ribbon worms
  46 orcs
  3 ball pythons
  6 bats
  5 endoplasms
  12 giant cockroaches
  A gnoll zombie (D:11)
  5 goblins
  9 hobgoblins
  6 jackals
  3 quokkas (D:2)
  5 frilled lizards
  36 kobolds
  An orc skeleton (D:11)
  12 orc zombies (D:11)
  9 rats
  A spectral orc (D:7)
327 creatures vanquished.

Vanquished Creatures (collateral kills)
  4 kobold brigands (D:5)
  A howler monkey (D:10)
  An orc wizard (D:7)
  An ogre zombie (D:11)
  A white imp (D:6)
  An orc (D:7)
  3 orc zombies (D:11)
12 creatures vanquished.

Grand Total: 339 creatures vanquished

Notes
Turn   | Place    | Note
-------+----------+-------------------------------------------
     0 | D:1      | 0gre the Gnoll Ice Elementalist began the quest for the
                  | Orb.
     0 | D:1      | Reached XP level 1. HP: 13/13 MP: 6/6
   130 | D:1      | Reached XP level 2. HP: 19/19 MP: 4/7
   254 | D:1      | Reached skill level 5 in Spellcasting
   254 | D:1      | Reached XP level 3. HP: 12/25 MP: 5/9
   379 | D:1      | Learned a level 3 spell: Frozen Ramparts
   399 | D:1      | Reached skill level 1 in Invocations
   564 | D:1      | Reached skill level 1 in Fighting
   564 | D:1      | Reached skill level 1 in Short Blades
   564 | D:1      | Reached skill level 1 in Long Blades
   564 | D:1      | Reached skill level 1 in Axes
   564 | D:1      | Reached skill level 1 in Maces & Flails
   564 | D:1      | Reached skill level 1 in Polearms
   564 | D:1      | Reached skill level 1 in Staves
   564 | D:1      | Reached skill level 1 in Ranged Weapons
   564 | D:1      | Reached skill level 1 in Throwing
   564 | D:1      | Reached skill level 1 in Armour
   564 | D:1      | Reached skill level 1 in Shields
   564 | D:1      | Reached skill level 1 in Unarmed Combat
   564 | D:1      | Reached skill level 1 in Evocations
   913 | D:2      | Learned a level 3 spell: Summon Ice Beast
  1030 | D:2      | Reached skill level 1 in Shapeshifting
  1030 | D:2      | Reached XP level 4. HP: 32/32 MP: 11/11
  1080 | D:2      | Identified the +9 spear of Nigydi Bousi {flame, Str+5}
  1101 | D:2      | Found a faded altar of an unknown god.
  1147 | D:2      | Reached skill level 1 in Conjurations
  1147 | D:2      | Reached skill level 1 in Hexes
  1147 | D:2      | Reached skill level 1 in Summonings
  1147 | D:2      | Reached skill level 1 in Necromancy
  1147 | D:2      | Reached skill level 1 in Translocations
  1147 | D:2      | Reached skill level 1 in Fire Magic
  1147 | D:2      | Reached skill level 1 in Air Magic
  1147 | D:2      | Reached skill level 1 in Earth Magic
  1147 | D:2      | Reached skill level 1 in Alchemy
  1221 | D:2      | Found a hide-covered altar of Uskayaw.
  1743 | D:3      | Found a shadowy altar of Dithmenos.
  1763 | D:3      | Found a stormy altar of Qazlal.
  1766 | D:3      | Found a white marble altar of Elyvilon.
  1766 | D:3      | Found a snail-covered altar of Cheibriados.
  1770 | D:3      | Reached XP level 5. HP: 37/37 MP: 12/12
  1773 | D:3      | Found a sparkling altar of Nemelex Xobeh.
  2191 | D:3      | Reached XP level 6. HP: 44/44 MP: 13/13
  2420 | D:4      | Reached skill level 5 in Dodging
  2590 | D:4      | Reached XP level 7. HP: 40/50 MP: 11/15
  3155 | D:5      | Entered Level 5 of the Dungeon
  3176 | D:5      | Reached skill level 5 in Stealth
  3434 | D:5      | Reached XP level 8. HP: 58/58 MP: 13/16
  3669 | D:5      | Found the +7 Throatcutter {drain, coup de grace}
  4365 | D:5      | Learned a level 3 spell: Stone Arrow
  4408 | D:6      | Found the +0 toga "Victory" {*Victory Clar}
  4628 | D:6      | Reached XP level 9. HP: 58/65 MP: 16/18
  4855 | D:6      | Found a staircase to the Ecumenical Temple.
  4863 | Temple   | Found a transporter.
  4863 | Temple   | Found a transporter.
  4863 | Temple   | Found a transporter.
  4863 | Temple   | Found a transporter.
  4863 | Temple   | Entered the Ecumenical Temple
  4880 | Temple   | Became a worshipper of Gozag Ym Sagoz the Greedy
  5210 | D:6      | Noticed Maggie
  5217 | D:6      | Killed Maggie
  5416 | D:6      | Noticed Menkaure
  5424 | D:6      | Killed Menkaure
  6071 | D:7      | Reached skill level 5 in Invocations
  6213 | D:7      | Learned a level 3 spell: Mephitic Cloud
  6256 | D:7      | Found a runed translucent door.
  6257 | D:7      | Noticed Crazy Yiuf
  6268 | D:7      | Killed Crazy Yiuf
  6641 | D:7      | Reached skill level 5 in Fighting
  6641 | D:7      | Reached skill level 5 in Short Blades
  6641 | D:7      | Reached skill level 5 in Long Blades
  6641 | D:7      | Reached skill level 5 in Axes
  6641 | D:7      | Reached skill level 5 in Maces & Flails
  6641 | D:7      | Reached skill level 5 in Polearms
  6641 | D:7      | Reached skill level 5 in Staves
  6641 | D:7      | Reached skill level 5 in Ranged Weapons
  6641 | D:7      | Reached skill level 5 in Throwing
  6641 | D:7      | Reached skill level 5 in Armour
  6641 | D:7      | Reached skill level 5 in Shields
  6641 | D:7      | Reached skill level 5 in Unarmed Combat
  6641 | D:7      | Reached skill level 5 in Evocations
  6641 | D:7      | Reached XP level 10. HP: 74/74 MP: 20/20
  6868 | D:7      | Found a basalt altar of Yredelemnul.
  6904 | D:7      | Found a hide-covered altar of Uskayaw.
  7004 | D:7      | Found an ornate altar of the Wu Jian Council.
  7774 | D:8      | Identified the +3 hand axe "Hexkicva" {freeze, rF- rN++
                  | Int+2 SInv}
  7805 | D:8      | Reached skill level 5 in Shapeshifting
  7909 | D:8      | Found the +18 Lear's hauberk
  8043 | D:8      | Found an ancient bone altar of Kikubaaqudgha.
  8044 | D:8      | Found a shimmering blue altar of Sif Muna.
  8046 | D:8      | Found a radiant altar of Vehumet.
  8049 | D:8      | Got Kikubaaqudgha's Enchiridion on Stolen Souls
  8210 | D:8      | Found a runed translucent gate.
  8211 | D:8      | Found a runed translucent gate.
  8212 | D:8      | Found a runed translucent gate.
  8213 | D:8      | Noticed ChrisAssaf's ghost (novice HuNe)
  8214 | D:8      | Noticed chippings's ghost (novice DrWn)
  8303 | D:8      | You fall into a shaft and drop 3 floors!
  8318 | D:11     | Noticed a two-headed ogre
  8323 | D:11     | Found a transporter.
  8325 | D:11     | Noticed a tengu warrior
  8328 | D:11     | Noticed a moth of wrath
  8332 | D:11     | Found a transporter.
  8335 | D:11     | Found a bloodstained altar of Trog.
  8344 | D:11     | Noticed jimmypageman's ghost (journeyman GnWn)
  8344 | D:11     | Noticed a two-headed ogre
  8354 | D:11     | Found a runed translucent door.
  8361 | D:10     | Entered Level 10 of the Dungeon
  8378 | D:10     | Reached skill level 5 in Conjurations
  8378 | D:10     | Reached skill level 5 in Hexes
  8378 | D:10     | Reached skill level 5 in Summonings
  8378 | D:10     | Reached skill level 5 in Necromancy
  8378 | D:10     | Reached skill level 5 in Translocations
  8378 | D:10     | Reached skill level 5 in Fire Magic
  8378 | D:10     | Reached skill level 5 in Air Magic
  8378 | D:10     | Reached skill level 5 in Earth Magic
  8378 | D:10     | Reached skill level 5 in Alchemy
  8383 | D:10     | Reached XP level 11. HP: 67/81 MP: 11/22
  8457 | D:10     | Found Jaixosiq's Book Shoppe.
  8481 | D:10     | Noticed a two-headed ogre
  8489 | D:10     | Killed a two-headed ogre
  8710 | D:9      | Found Asuqyaga's Tremendous Tomes.
  9167 | D:8      | Killed ChrisAssaf's ghost
  9177 | D:8      | Killed chippings's ghost
  9303 | D:8      | Bought a scroll of enchant armour for 97 gold pieces
  9303 | D:8      | Bought a scroll of enchant weapon for 97 gold pieces
  9303 | D:8      | Bought a scroll of revelation for 97 gold pieces
  9303 | D:8      | Bought a scroll of teleportation for 39 gold pieces
  9303 | D:8      | Bought a scroll of enchant weapon for 97 gold pieces
  9471 | D:9      | Noticed a two-headed ogre
  9485 | D:9      | Killed a two-headed ogre
  9872 | D:10     | Learned a level 5 spell: Fireball
  9971 | D:11     | Noticed Nergalle
  9986 | D:11     | Killed Nergalle
 10136 | D:11     | Found a staircase to the Lair.
 10319 | D:11     | Noticed a cyclops
 10336 | D:11     | Killed a cyclops
 10449 | D:11     | Noticed a two-headed ogre
 10455 | D:11     | Killed a two-headed ogre
 10456 | D:11     | Reached XP level 12. HP: 91/91 MP: 24/24
 10471 | D:11     | Noticed Fannar
 10477 | D:11     | Killed Fannar
 10573 | D:11     | Found a staircase to the Orcish Mines.
 10874 | D:11     | Found a runed translucent door.
 10875 | D:11     | Noticed Harold
 10891 | D:11     | Killed Harold
 10903 | D:11     | Found a runed translucent door.
 10914 | D:11     | Found a runed translucent door.
 10914 | D:11     | Found the +2 ratskin cloak {*Rats rPois rN+ Str-1 Int-1
                  | Dex+1}
 11027 | D:11     | Noticed a boulder beetle
 11032 | D:11     | Mangled by a shadow

Illustrated notes

Levels and vault maps discovered:
D:1:      ncdulo_lavacross, layout_basic, minmay_rat_gold_closets
D:2:      layout_loops_ring, hellmonk_ecumenical_altar_arch_garden, basic_altar
D:3:      layout_basic, nicolae_overflow_hallway_of_the_gods, kennysheep_doodads
D:4:      layout_basic, hangedman_minor_gate_pass
D:5:      layout_basic, dilly_guarded_unrand_throatcut
D:6:      layout_basic, minmay_temple_entry_glassed_door, glass_columns_b,
          serial_bayou_lake_a, uniq_menkaure, uniq_maggie
D:7:      layout_cave_pods, yredelemnul_forgotten_temple_becter,
          jmf_multi_god_temple2, chequers_serial_rivers_small_3,
          uniq_crazy_yiuf_cottage
D:8:      layout_basic, grunt_temple_overflow_magic_moments,
          gammafunk_ghost_cemetery, hellmonk_guarded_unrand_lears
D:9:      layout_roguey, nicolae_shop_i_like_big_books
D:10:     layout_cave_pools, serial_shops, shop, skrybe_limestone_x
D:11:     layout_roguey, erik_lair_dragon, zombieorc1_lemuel,
          gammafunk_ghost_wrathful_warriors, minmay_statue_crystal_thing,
          uniq_fannar, uniq_nergalle, uniq_harold
Temple:   hellmonk_temple_divided_pantheon

Skill      XL: |  1  2  3  4  5  6  7  8  9 10 11 12 |
---------------+-------------------------------------+-----
Spellcasting   | 5 6 7 8 9 |  9.1
Invocations    | 1 2 3 4 5 6 7 8 |  8.2
Fighting       | 1 2 3 4 5 6 7 |  7.4
Short Blades   | 1 2 3 4 5 6 7 |  7.4
Long Blades    | 1 2 3 4 5 6 7 |  7.4
Axes           | 1 2 3 4 5 6 7 |  7.4
Maces & Flails | 1 2 3 4 5 6 7 |  7.4
Polearms       | 1 2 3 4 5 6 7 |  7.4
Staves         | 1 2 3 4 5 6 7 |  7.4
Ranged Weapons | 1 2 3 4 5 6 7 |  7.4
Throwing       | 1 2 3 4 5 6 7 |  7.4
Armour         | 1 2 3 4 5 6 7 |  7.4
Shields        | 1 2 3 4 5 6 7 |  7.4
Unarmed Combat | 1 2 3 4 5 6 7 |  7.4
Evocations     | 1 2 3 4 5 6 7 |  7.4
Shapeshifting  | 1 2 3 4 5 6 |  6.8
Conjurations   | 1 2 3 4 5 6 |  6.2
Hexes          | 1 2 3 4 5 6 |  6.2
Summonings     | 1 2 3 4 5 6 |  6.2
Necromancy     | 1 2 3 4 5 6 |  6.2
Translocations | 1 2 3 4 5 6 |  6.2
Fire Magic     | 1 2 3 4 5 6 |  6.2
Air Magic      | 1 2 3 4 5 6 |  6.2
Earth Magic    | 1 2 3 4 5 6 |  6.2
Alchemy        | 1 2 3 4 5 6 |  6.2
Dodging        | 5 6 7 8 |  8.8
Stealth        | 5 6 7 8 |  8.6
Ice Magic      | 8 9 |  9.5

Action                     |  1- 3 |  4- 6 |  7- 9 | 10-12 || total
---------------------------+-------+-------+-------+-------++-------
  Melee: Flail             |    75 |     4 |       |     5 ||    84
         Bite              |     2 |     6 |    14 |    29 ||    51
         Spear             |       |    93 |    56 |     8 ||   157
         Punch             |       |     1 |       |    13 ||    14
         Long sword        |       |       |    36 |   193 ||   229
         Unarmed           |       |       |     7 |       ||     7
   Fire: Sling             |    25 |       |    43 |       ||    68
         Orcbow            |       |       |    38 |   120 ||   158
  Throw: Dart              |       |       |     2 |     2 ||     4
         Throwing net      |       |       |     1 |       ||     1
   Cast: Freeze            |    19 |       |       |       ||    19
         Frozen Ramparts   |       |     2 |    18 |    22 ||    42
         Summon Ice Beast  |       |     1 |     5 |     9 ||    15
         Stone Arrow       |       |       |       |     5 ||     5
         Mephitic Cloud    |       |       |       |     3 ||     3
         Fireball          |       |       |       |     5 ||     5
 Invoke: Call Merchant     |       |       |       |     1 ||     1
  Evoke: Wand              |       |       |       |     1 ||     1
    Use: Scroll            |       |       |    10 |    14 ||    24
   Stab: Sleeping          |     5 |     5 |     1 |       ||    11
         Distracted        |       |       |     1 |     2 ||     3
         Held in net/web   |       |       |       |     1 ||     1
         Confused          |       |       |       |     1 ||     1
 Armour: Robe              |    49 |    28 |    59 |   141 ||   277
  Dodge: Dodged            |    89 |    46 |    60 |   124 ||   319
